A+ - U26
RANCHO CUCAMONGA RATTLERS @ NAPA SILVERADOS
07/21/2053
 
TOP OF THE 1ST
Visalia Rawhide batting - Pitching for Modesto Nuts : RHP Royce Dovin
Pitching: RHP Royce Dovin
Batting: RHB Kaleb Hansen 0-0: Called Strike
0-1: Ball
1-1: Foul Ball, location: 2F
1-2: Strikes out swinging
Batting: RHB Jack Pasternack 0-0: Ball
1-0: Fly out, F7 (Flyball, 78M, EV 87.5 MPH)
Batting: LHB Mário León 0-0: Called Strike
0-1: Ball
1-1: Ball
2-1: Ball
3-1: Base on Balls
Batting: RHB Sean Battcher 0-0: Ball
1-0: Called Strike
1-1: Ball
2-1: Called Strike
2-2: Strikes out swinging
Top of the 1st over - 0 runs, 0 hits, 0 errors, 1 left on base; Visalia 0 - Modesto 0
BOTTOM OF THE 1ST
Modesto Nuts batting - Pitching for Visalia Rawhide : RHP Isaac Merritt
Pitching: RHP Isaac Merritt
Batting: LHB Wyatt Ritter 0-0: Called Strike
0-1: Ball
1-1: Ball
2-1: Called Strike
2-2: Ball
3-2: Base on Balls
Batting: RHB Caiden Foster 0-0: Ball
Wyatt Ritter steals 2nd base
1-0: Foul Ball, location: 9LSF
1-1: Ball
2-1: Ball
3-1: Base on Balls
Batting: SHB Keegan Goertz 0-0: Called Strike
Wyatt Ritter is caught stealing 3rd base 2-5
Caiden Foster to second
0-1: Foul Ball, location: 5F
0-2: Ball
1-2: Fly out, F8 (Flyball, 8LS, EV 90.6 MPH)
Batting: LHB Evan Schultz 0-0: Ball
1-0: Called Strike
1-1: Ball
Wild Pitch!
Caiden Foster to third
2-1: Foul Ball, location: 2F
2-2: Ball
3-2: Base on Balls
Batting: RHB Samuel Vasquez 0-0: Ball
1-0: Called Strike
1-1: Ball
2-1: Ground out 4-3 (Groundball, 4, EV 84.4 MPH)
Bottom of the 1st over - 0 runs, 0 hits, 0 errors, 2 left on base; Visalia 0 - Modesto 0
TOP OF THE 2ND
Visalia Rawhide batting - Pitching for Modesto Nuts : RHP Royce Dovin
Batting: SHB Shane McCrory 0-0: Ball
1-0: Foul Ball, location: 2F
1-1: Called Strike
1-2: Ball
2-2: Ground out 6-3 (Groundball, 6, EV 80.6 MPH)
Batting: RHB Henry Elick 0-0: Called Strike
0-1: Ball
1-1: Ball
2-1: Ground out 5-3 (Groundball, 5, EV 102.5 MPH)
Batting: LHB Gabriel Spiro 0-0: Ball
1-0: Called Strike
1-1: Called Strike
1-2: Strikes out looking
Top of the 2nd over - 0 runs, 0 hits, 0 errors, 0 left on base; Visalia 0 - Modesto 0
BOTTOM OF THE 2ND
Modesto Nuts batting - Pitching for Visalia Rawhide : RHP Isaac Merritt
Batting: RHB Tony Leach 0-0: Ball
1-0: Ball
2-0: Ground out 6-3 (Groundball, 6, EV 73.8 MPH)
Batting: SHB John Wheeler 0-0: Swinging Strike
0-1: Called Strike
0-2: Strikes out swinging
Batting: RHB James Victor 0-0: Called Strike
0-1: Ball
1-1: Called Strike
1-2: Foul Ball, location: 9LDF
1-2: Ground out 5-3 (Groundball, 5, EV 91.3 MPH)
Bottom of the 2nd over - 0 runs, 0 hits, 0 errors, 0 left on base; Visalia 0 - Modesto 0
TOP OF THE 3RD
Visalia Rawhide batting - Pitching for Modesto Nuts : RHP Royce Dovin
Batting: SHB Gabe Morales 0-0: Fly out, F5 (Popup, 56, EV 65.6 MPH)
Batting: RHB Kendell Abbott 0-0: Ball
1-0: Called Strike
1-1: Swinging Strike
1-2: Fly out, F8 (Flyball, 8RS, EV 86.3 MPH)
Batting: RHB Kaleb Hansen 0-0: Ball
1-0: Ball
2-0: Ball
3-0: Base on Balls
Batting: RHB Jack Pasternack 0-0: DOUBLE (Line Drive, 89D, EV 111.3 MPH)
Kaleb Hansen to third
Batting: LHB Mário León 0-0: Ball
1-0: Swinging Strike
1-1: Ball
2-1: Ball
3-1: Called Strike
3-2: Ground out 6-3 (Groundball, 6, EV 91.9 MPH)
Top of the 3rd over - 0 runs, 1 hit, 0 errors, 2 left on base; Visalia 0 - Modesto 0
BOTTOM OF THE 3RD
Modesto Nuts batting - Pitching for Visalia Rawhide : RHP Isaac Merritt
Batting: LHB Paul Clark 0-0: Ground out 4-3 (Groundball, 4MS, EV 68.1 MPH)
Batting: LHB Wyatt Ritter 0-0: Ball
1-0: Called Strike
1-1: Foul Ball, location: 2F
1-2: Strikes out swinging
Batting: RHB Caiden Foster 0-0: Ball
1-0: TRIPLE (Groundball, 3L, EV 108.1 MPH)
Batting: SHB Keegan Goertz 0-0: Called Strike
0-1: Ball
1-1: Swinging Strike
1-2: Strikes out swinging
Bottom of the 3rd over - 0 runs, 1 hit, 0 errors, 1 left on base; Visalia 0 - Modesto 0
TOP OF THE 4TH
Visalia Rawhide batting - Pitching for Modesto Nuts : RHP Royce Dovin
Batting: RHB Sean Battcher 0-0: Ball
1-0: SINGLE (Line Drive, 34D, EV 110.0 MPH)
Batting: SHB Shane McCrory 0-0: Ball
1-0: Fly out, F8 (Flyball, 8LM, EV 85.6 MPH)
Batting: RHB Henry Elick 0-0: Ball
Sean Battcher steals 2nd base
1-0: Ball
2-0: Called Strike
2-1: Fly out, F8 (Flyball, 8RD, EV 111.3 MPH)
Batting: LHB Gabriel Spiro 0-0: Ball
1-0: Ball
2-0: Swinging Strike
2-1: Fly out, F2 (Popup, 5SF, EV 74.4 MPH)
Top of the 4th over - 0 runs, 1 hit, 0 errors, 1 left on base; Visalia 0 - Modesto 0
BOTTOM OF THE 4TH
Modesto Nuts batting - Pitching for Visalia Rawhide : RHP Isaac Merritt
Batting: LHB Evan Schultz 0-0: Ball
1-0: Called Strike
1-1: Called Strike
1-2: Ball
2-2: Fly out, F9 (Flyball, 89S, EV 92.5 MPH)
Batting: RHB Samuel Vasquez 0-0: Swinging Strike
0-1: Ball
1-1: Ball
2-1: SINGLE (Line Drive, 34, EV 104.4 MPH)
Batting: RHB Tony Leach 0-0: Fly out, F9 (Flyball, 9, EV 97.5 MPH)
Batting: SHB John Wheeler 0-0: Called Strike
0-1: Ball
1-1: Ball
2-1: Ball
3-1: Foul Ball, location: 2F
3-2: Fly out, F8 (Flyball, 8RS, EV 95.6 MPH)
Bottom of the 4th over - 0 runs, 1 hit, 0 errors, 1 left on base; Visalia 0 - Modesto 0
TOP OF THE 5TH
Visalia Rawhide batting - Pitching for Modesto Nuts : RHP Royce Dovin
Batting: SHB Gabe Morales 0-0: Ball
1-0: Ball
2-0: Ball
3-0: Called Strike
3-1: Swinging Strike
3-2: Foul Ball, location: 2F
3-2: Fly out, F7 (Flyball, 78D, EV 108.1 MPH)
Batting: RHB Kendell Abbott 0-0: Fly out, F7 (Flyball, 7S, EV 85.0 MPH)
Batting: RHB Kaleb Hansen 0-0: Ball
1-0: Foul Ball, location: 25F
1-1: Ball
2-1: Foul Ball, location: 3FF
2-2: Ball
3-2: Foul Ball, location: 3FF
3-2: Foul Ball, location: 5FF
3-2: Ground out 6-3 (Groundball, 6, EV 90.0 MPH)
Top of the 5th over - 0 runs, 0 hits, 0 errors, 0 left on base; Visalia 0 - Modesto 0
BOTTOM OF THE 5TH
Modesto Nuts batting - Pitching for Visalia Rawhide : RHP Isaac Merritt
Batting: RHB James Victor 0-0: SINGLE (Groundball, 6D, EV 96.9 MPH)
Batting: LHB Paul Clark 0-0: Ball
1-0: Called Strike
1-1: Ball
2-1: Ball
3-1: Grounds into double play, 4-6-3 (Groundball, 4D, EV 98.1 MPH)
Batting: LHB Wyatt Ritter 0-0: Ball
1-0: SINGLE (Groundball, 25, EV 60.0 MPH) (infield hit)
Batting: RHB Caiden Foster 0-0: Ball
Wyatt Ritter steals 2nd base
1-0: Fly out, F6 (Line Drive, 6, EV 65.0 MPH)
Bottom of the 5th over - 0 runs, 2 hits, 0 errors, 1 left on base; Visalia 0 - Modesto 0
TOP OF THE 6TH
Visalia Rawhide batting - Pitching for Modesto Nuts : RHP Royce Dovin
Batting: RHB Jack Pasternack 0-0: Called Strike
0-1: Called Strike
0-2: Foul Ball, location: 2F
0-2: Ground out 6-3 (Groundball, 6, EV 99.4 MPH)
Batting: LHB Mário León 0-0: Called Strike
0-1: Ball
1-1: Foul Ball, location: 3FF
1-2: Strikes out swinging
Batting: RHB Sean Battcher 0-0: Called Strike
0-1: Called Strike
0-2: Ball
1-2: Ball
2-2: Strikes out swinging
Top of the 6th over - 0 runs, 0 hits, 0 errors, 0 left on base; Visalia 0 - Modesto 0
BOTTOM OF THE 6TH
Modesto Nuts batting - Pitching for Visalia Rawhide : RHP Isaac Merritt
Batting: SHB Keegan Goertz 0-0: Fly out, F4 (Popup, 34D, EV 53.1 MPH)
Batting: LHB Evan Schultz 0-0: Ball
1-0: Fly out, F5 (Popup, 5SF, EV 85.0 MPH)
Batting: RHB Samuel Vasquez 0-0: Called Strike
0-1: Ball
1-1: Foul Ball, location: 25F
1-2: Strikes out swinging
Bottom of the 6th over - 0 runs, 0 hits, 0 errors, 0 left on base; Visalia 0 - Modesto 0
TOP OF THE 7TH
Visalia Rawhide batting - Pitching for Modesto Nuts : RHP Royce Dovin
Batting: SHB Shane McCrory 0-0: Called Strike
0-1: TRIPLE (Line Drive, 8RXD, EV 101.3 MPH)
Pinch Runner at 3rd Jason Tamayo:
Batting: RHB Henry Elick 0-0: SINGLE (Groundball, 4D, EV 104.4 MPH)
Jason Tamayo scores
Batting: LHB Gabriel Spiro 0-0: Sac Bunt to 2L - play at first, batter OUT! 2-3
Henry Elick to second
Batting: SHB Gabe Morales 0-0: Called Strike
0-1: Foul Ball, location: 7LSF
0-2: Foul Ball, location: 5F
0-2: Ball
1-2: Ball
2-2: Strikes out looking
Pitching: RHP Joseph Bailey
Batting: RHB Kendell Abbott 0-0: Swinging Strike
0-1: Ball
1-1: Called Strike
1-2: Ball
2-2: Foul Ball, location: 3F
2-2: Ground out 5-3 (Groundball, 56S, EV 61.3 MPH)
Top of the 7th over - 1 run, 2 hits, 0 errors, 1 left on base; Visalia 1 - Modesto 0
BOTTOM OF THE 7TH
Modesto Nuts batting - Pitching for Visalia Rawhide : RHP Isaac Merritt
Now at 2B: Alexander D'Azur
Batting: RHB Tony Leach 0-0: Foul Ball, location: 2F
0-1: Fly out, F9 (Flyball, 9D, EV 96.9 MPH)
Batting: SHB John Wheeler 0-0: Ball
1-0: Called Strike
1-1: SINGLE (Groundball, 13, EV 80.0 MPH) (infield hit)
Batting: RHB James Victor 0-0: Swinging Strike
0-1: Ball
1-1: Ball
2-1: Foul Ball, location: 23FF
2-2: Strikes out swinging
Pitching: RHP Orlando Betancur
Batting: LHB Paul Clark 0-0: Ball
1-0: Swinging Strike
1-1: Foul Ball, location: 2F
1-2: Strikes out swinging
Bottom of the 7th over - 0 runs, 1 hit, 0 errors, 1 left on base; Visalia 1 - Modesto 0
TOP OF THE 8TH
Visalia Rawhide batting - Pitching for Modesto Nuts : RHP Joseph Bailey
Batting: RHB Kaleb Hansen 0-0: Ground out 2-3 (Groundball, 2R, EV 67.5 MPH)
Batting: RHB Jack Pasternack 0-0: Ball
1-0: Ball
2-0: Fly out, F3 (Popup, 23F, EV 83.1 MPH)
Batting: LHB Mário León 0-0: Swinging Strike
0-1: Ball
1-1: Called Strike
1-2: Foul Ball, location: 9LSF
1-2: Ball
2-2: Ball
3-2: Base on Balls
Batting: RHB Sean Battcher 0-0: Called Strike
0-1: Foul Ball, location: 2F
0-2: Strikes out looking
Top of the 8th over - 0 runs, 0 hits, 0 errors, 1 left on base; Visalia 1 - Modesto 0
BOTTOM OF THE 8TH
Modesto Nuts batting - Pitching for Visalia Rawhide : RHP Orlando Betancur
Batting: LHB Wyatt Ritter 0-0: Ball
1-0: Ball
2-0: Fly out, F8 (Flyball, 8LD, EV 93.8 MPH)
Pinch Hitting: RHB Rod House 0-0: Fly out, F8 (Line Drive, 8RD, EV 86.9 MPH)
Batting: SHB Keegan Goertz 0-0: Ball
1-0: Ball
2-0: Called Strike
2-1: Swinging Strike
2-2: Ball
3-2: Base on Balls
Batting: LHB Evan Schultz 0-0: SINGLE (Line Drive, 78D, EV 99.4 MPH)
Keegan Goertz to second
Batting: RHB Samuel Vasquez 0-0: Ball
1-0: Foul Ball, location: 3F
1-1: Foul Ball, location: 9LSF
1-2: Fly out, F8 (Flyball, 8RXD, EV 110.0 MPH)
Bottom of the 8th over - 0 runs, 1 hit, 0 errors, 2 left on base; Visalia 1 - Modesto 0
TOP OF THE 9TH
Visalia Rawhide batting - Pitching for Modesto Nuts : RHP Joseph Bailey
Now at 2B: Jon Rochester
Batting: RHB Alexander D'Azur 0-0: Foul Ball, location: 2LF
0-1: Swinging Strike
0-2: Fly out, F8 (Flyball, 8RD, EV 111.3 MPH)
Batting: RHB Henry Elick 0-0: SINGLE (Line Drive, 56D, EV 95.0 MPH)
Batting: LHB Gabriel Spiro 0-0: Ball
1-0: Ball
2-0: Called Strike
2-1: Ball
3-1: Base on Balls
Henry Elick to second
Batting: SHB Gabe Morales 0-0: Foul Ball, location: 2F
0-1: Fly out, F7 (Flyball, 7D, EV 88.8 MPH)
Pitching: RHP Mason Ferrer
Batting: RHB Kendell Abbott 0-0: Foul Ball, location: 2F
0-1: Foul Ball, location: 3DF
0-2: Strikes out swinging
Top of the 9th over - 0 runs, 1 hit, 0 errors, 2 left on base; Visalia 1 - Modesto 0
BOTTOM OF THE 9TH
Modesto Nuts batting - Pitching for Visalia Rawhide : RHP Orlando Betancur
Pitching: RHP Jaden Vinson
Batting: RHB Tony Leach 0-0: Ball
1-0: Swinging Strike
1-1: Swinging Strike
1-2: Ball
2-2: Foul Ball, location: 2F
2-2: Foul Ball, location: 3F
2-2: Strikes out swinging
Batting: SHB John Wheeler 0-0: Ball
1-0: Ball
2-0: Ball
3-0: Base on Balls
Batting: RHB James Victor 0-0: Swinging Strike
0-1: Ball
1-1: Foul Ball, location: 2F
1-2: Strikes out looking
Batting: LHB Paul Clark 0-0: Foul Ball, location: 7LSFF
0-1: Ball
1-1: Called Strike
1-2: Ball
2-2: Strikes out looking
Bottom of the 9th over - 0 runs, 0 hits, 0 errors, 1 left on base; Visalia 1 - Modesto 0
Monday, June 3rd , 2024 - OOTP Baseball 25.5 Build 67